 Dungeon Crawl Stone Soup version 0.28-a0-1356-g2ad6d04315 (webtiles) character file.

Game seed: 6865166401591079502

5505 HoaS the Grappler (level 10, -6/86 HPs)
             Began as a Ghoul Gladiator on Dec 26, 2021.
             Was an Initiate of Makhleb.
             Killed from afar by a steam dragon (12 damage)
             ... with a ball of steam
             ... on level 9 of the Dungeon on Dec 30, 2021.
             The game lasted 00:20:38 (7910 turns).

HoaS the Grappler (Ghoul Gladiator)                 Turns: 7910, Time: 00:20:38

Health: -6/86      AC: 18    Str: 23    XL:     10   Next: 70%
Magic:  9/9        EV:  8    Int:  3    God:    Makhleb [......]
Gold:   574        SH:  0    Dex: 10    Spells: 9/9 levels left

rFire   . . .      SeeInvis .     - Unarmed
rCold   + . .      Faith    .   (no shield)
rNeg    + + +      Spirit   .   e - +3 plate armour {rPois}
rPois   ∞          Reflect  .   b - +0 helmet
rElec   .          Harm     .   o - +0 cloak
rCorr   .          Rampage  .   (no gloves)
Will    .....                   (no boots)
Stlth   ..........              j - amulet of the acrobat
HPRegen 0.00/turn               k - ring of flight
MPRegen 0.11/turn               (no ring)

@: flying, inhibited regen
A: claws 1, cold resistance 1, negative energy resistance 3, inhibited
regeneration, torment resistance 2
a: Renounce Religion


You were on level 9 of the Dungeon.
You worshipped Makhleb.
Makhleb was noncommittal.
You visited 2 branches of the dungeon, and saw 10 of its levels.

You collected 1016 gold pieces.
You spent 442 gold pieces at shops.

Inventory:

Missiles
 c - 5 boomerangs
 d - 38 poisoned darts (quivered)
 s - 2 atropa-tipped darts
Armour
 b - a +0 helmet (worn)
 e - a +3 plate armour of poison resistance (worn)
 o - a +0 cloak (worn)
Jewellery
 j - an amulet of the acrobat (around neck)
 k - a ring of flight (left claw)
 l - a ring of fire
 n - an amulet of guardian spirit
Wands
 a - a wand of polymorph (12)
 h - a wand of flame (19)
Scrolls
 r - 4 scrolls of identify
Potions
 f - 4 potions of resistance
 g - 4 potions of curing
 i - a potion of ambrosia
 p - 2 potions of flight
 q - a potion of invisibility
 u - a potion of berserk rage {unknown}


   Skills:
 + Level 7.5 Fighting
 - Level 1.7 Throwing
 + Level 6.7 Armour
 + Level 6.7 Dodging
 + Level 11.4 Unarmed Combat


You had 9 spell levels left.
You didn't know any spells.
Your spell library contained the following spells:

 Spells                   Type           Power      Damage    Failure   Level
 Gell's Gravitas          Tloc           0%         N/A       100%        3
 Teleport Other           Tloc           0%         N/A       100%        3
 Dispersal                Tloc           0%         N/A       100%        6


Dungeon Overview and Level Annotations

Branches:
Dungeon (9/15)             Temple (1/1) D:7
   Lair: D:8-11         Orc: D:9-12

Altars:
Ashenzari
Cheibriados
Dithmenos
Elyvilon
Fedhas
Gozag
Hepliaklqana
Kikubaaqudgha
Makhleb
Nemelex Xobeh
Okawaru
Qazlal
Ru
Sif Muna
Trog
Uskayaw
Vehumet
Xom
Yredelemnul
Zin
The Shining One
Jiyva

Shops:
D:2 [

Annotations:
D:8 1 transporter
D:9 Harold


Innate Abilities, Weirdness & Mutations

You thrive by killing the living.
You are immune to poison.
You have sharp fingernails.
Your flesh is cold resistant. (rC+)
You are immune to negative energy. (rN+++)
You do not regenerate when monsters are visible.
You are immune to unholy pain and torment.


Message History

The orc warrior hits you with a +0 short sword!
The orc closely misses you.
You barely miss the orc warrior.
The orc warrior is almost dead.
The orc hits you but does no damage.
The orc warrior hits you with a +0 short sword!
* * * LOW HITPOINT WARNING * * *
You scratch the orc warrior.
The orc warrior is almost dead.
The orc completely misses you. The orc barely misses you.
You closely miss the orc warrior.
The orc warrior is almost dead.
The orc warrior hits you but does no damage.
The orc closely misses you. The orc hits you with a +0 flail!
* * * LOW HITPOINT WARNING * * *
You scratch the orc warrior but do no damage.
The orc warrior is almost dead.
The orc warrior hits you with a +0 short sword.
* * * LOW HITPOINT WARNING * * *
The orc closely misses you. The orc barely misses you.
You scratch the orc warrior.
You kill the orc warrior!
Makhleb accepts your kill.
You feel better. The orc barely misses you.
You mangle the steam dragon!!
The steam dragon is heavily wounded.
The orc barely misses you.
You scratch the steam dragon but do no damage.
The steam dragon is heavily wounded.
The orc barely misses you.
The steam dragon bites you but does no damage.
The steam dragon claws you but does no damage.
The orc hits you with a +0 flail.
* * * LOW HITPOINT WARNING * * *
You claw the steam dragon!
The steam dragon is almost dead.
The orc hits you but does no damage. The steam dragon breathes steam at you.
The ball of steam hits you!
You die...

#............#
#.............#
#.............. .
#..............
..##..............
..................
#........O........
#.....o)†.....#
##...@D.....###
###..o.....# #
##......## .#
###....# ..##
##..####.....
#...........
##..........#
##..#####..###
##..## .#


You could see a two-headed ogre, a steam dragon (catching breath) and 2 orcs.

Vanquished Creatures
  A two-headed ogre (D:8)
  The ghost of bmj180 the Destroyer, a novice DrCj of Vehumet (D:8)
  A cyclops (D:8)
  Psyche (D:8)
  Maggie (D:6)
  Grinder (D:4)
  Sigmund (D:2)
  A wyvern (D:8)
  2 steam dragons
  3 water moccasins
  2 sky beasts
  A black bear (D:6)
  2 orc warriors (D:9)
  An ice beast (D:6)
  2 necrophages
  A centaur (D:6)
  An ogre (D:6)
  A phantom (D:6)
  Blork the orc (D:5)
  A kobold brigand (D:9)
  2 scorpions (D:4)
  A water moccasin zombie (D:5)
  9 wights
  A howler monkey (D:9)
  A centaur zombie (D:9)
  2 hounds
  A bullfrog zombie (D:5)
  Crazy Yiuf (D:6)
  A gnoll shaman (D:8)
  A jelly (D:6)
  2 bullfrog skeletons (D:5)
  An iguana (D:6)
  3 orc wizards
  3 killer bee zombies
  A hound skeleton (D:3)
  A howler monkey zombie (D:8)
  7 adders
  4 gnolls (D:8)
  A white imp (D:5)
  3 ufetubi
  A worm (D:2)
  2 dart slugs
  11 orcs
  4 bats
  6 endoplasms
  3 giant cockroaches
  2 hobgoblins
  3 jackals (D:2)
  5 quokkas
  3 ball pythons
  A frilled lizard (D:3)
  4 goblins
  10 kobolds
  A quokka skeleton (D:4)
  7 rats
135 creatures vanquished.

Vanquished Creatures (others)
  An orc priest (D:9)
  An orc (D:9)
  4 fungi (D:9)
  A plant (D:4)
7 creatures vanquished.

Grand Total: 142 creatures vanquished

Notes
Turn   | Place    | Note
-------+----------+-------------------------------------------
     0 | D:1      | HoaS the Ghoul Gladiator began the quest for the Orb.
     0 | D:1      | Reached XP level 1. HP: 17/17 MP: 0/0
     0 | D:1      | Upgraded the game from 0.28-a0-1286-g6bde065e89 to
                  | 0.28-a0-1356-g2ad6d04315
   195 | D:1      | Reached XP level 2. HP: 15/24 MP: 1/1
   913 | D:2      | Reached skill level 4 in Unarmed Combat
   913 | D:2      | Reached XP level 3. HP: 28/29 MP: 2/2
   935 | D:2      | Found Typus Ajeo's Antique Armour Boutique.
   961 | D:2      | Reached skill level 1 in Armour
  1142 | D:2      | Noticed Sigmund
  1179 | D:2      | Killed Sigmund
  1180 | D:2      | Reached skill level 5 in Unarmed Combat
  1180 | D:2      | Reached XP level 4. HP: 10/36 MP: 3/3
  1180 | D:2      | Reached XP level 5. HP: 11/41 MP: 4/4
  1542 | D:3      | Identified a scroll of acquirement
  1542 | D:3      | Acquired 605 gold pieces
  1807 | D:2      | Bought a runed plate armour for 442 gold pieces
  1917 | D:3      | Reached skill level 6 in Unarmed Combat
  1917 | D:3      | Reached XP level 6. HP: 47/48 MP: 5/5
  1936 | D:3      | Found a shimmering altar of Xom.
  1937 | D:3      | Found a sacrificial altar of Ru.
  1939 | D:3      | Found a sparkling altar of Nemelex Xobeh.
  1939 | D:3      | Found an iron altar of Okawaru.
  1941 | D:3      | Found an ancient bone altar of Kikubaaqudgha.
  1941 | D:3      | Found a hide-covered altar of Uskayaw.
  1942 | D:3      | Found a radiant altar of Vehumet.
  2536 | D:4      | Found a hazy altar of Hepliaklqana.
  2595 | D:4      | Found a glowing drain.
  2610 | D:4      | Noticed Grinder
  2611 | D:4      | Paralysed by Grinder for 4 turns
  2632 | D:3      | Reached skill level 7 in Unarmed Combat
  2989 | D:4      | Reached XP level 7. HP: 31/55 MP: 6/6
  2995 | D:4      | Killed Grinder
  2996 | D:4      | Reached skill level 8 in Unarmed Combat
  3355 | D:4      | Found a transporter.
  3377 | D:4      | Found a transporter.
  3694 | D:5      | Entered Level 5 of the Dungeon
  3747 | D:5      | Reached skill level 9 in Unarmed Combat
  3778 | D:5      | Noticed Blork the orc
  3793 | D:5      | Killed Blork the orc
  3794 | D:5      | Reached XP level 8. HP: 62/62 MP: 7/7
  4824 | D:6      | Noticed Maggie
  4869 | D:6      | Killed Maggie
  4870 | D:6      | Reached skill level 10 in Unarmed Combat
  4870 | D:6      | Reached XP level 9. HP: 19/73 MP: 8/8
  5355 | D:6      | Reached skill level 5 in Fighting
  5534 | D:6      | Found a runed translucent door.
  5535 | D:6      | Noticed Crazy Yiuf
  5542 | D:6      | Killed Crazy Yiuf
  5616 | D:7      | Reached skill level 5 in Dodging
  5655 | D:7      | Reached skill level 5 in Armour
  6039 | D:7      | Found a staircase to the Ecumenical Temple.
  6049 | Temple   | Entered the Ecumenical Temple
  6056 | Temple   | Became a worshipper of Makhleb the Destroyer
  6261 | D:8      | Noticed Psyche
  6267 | D:8      | Killed Psyche
  6503 | D:8      | Found a runed translucent gate.
  6503 | D:8      | Found a runed translucent gate.
  6503 | D:8      | Found a runed translucent gate.
  6505 | D:8      | Noticed bmj180's ghost (novice DrCj)
  6777 | D:8      | Noticed a two-headed ogre
  6787 | D:8      | Killed a two-headed ogre
  6788 | D:8      | Reached XP level 10. HP: 45/84 MP: 9/9
  7034 | D:8      | Found a transporter.
  7106 | D:8      | Reached skill level 11 in Unarmed Combat
  7129 | D:8      | Noticed a cyclops
  7136 | D:8      | Killed a cyclops
  7466 | D:8      | Found a viscous altar of Jiyva.
  7466 | D:8      | Noticed a glowing orange brain
  7562 | D:8      | Killed bmj180's ghost
  7723 | D:9      | Noticed Harold
  7730 | D:9      | Noticed a two-headed ogre
  7732 | D:9      | Noticed a two-headed ogre
  7910 | D:9      | Killed from afar by a steam dragon

Illustrated notes

Levels and vault maps discovered:
D:1:      scummos_arrival_simple_crosswalls, layout_loops_ring, st_stairs_3
D:2:      layout_basic, serial_shops, nicolae_square_shop, uniq_sigmund
D:3:      layout_basic, grunt_temple_overflow_open, kennysheep_generic_room_13
D:4:      gammafunk_wand_slinger, layout_cave_pools,
          mainiacjoe_overflow_boulevard, gup_sewer_entry_glass,
          chequers_serial_rivers_small_3, kennysheep_generic_room_12,
          uniq_grinder
D:5:      layout_layer_cave, uniq_blork_the_orc
D:6:      layout_rooms, uniq_maggie, uniq_crazy_yiuf_cottage
D:7:      layout_cave_pools, minmay_temple_entry_junction
D:8:      gammafunk_jiyva_shrine, layout_loops_corners,
          ebering_ghost_rock_garden, amethyst_killhole, uniq_psyche
D:9:      layout_cave_pods, nzn_wu_jian_contemplation,
          grunt_lair_entry_orc_guard_hut, minmay_chambers_of_fives, uniq_harold
Temple:   nicolae_temple_no_exploring_needed

Skill      XL: |  1  2  3  4  5  6  7  8  9 10 |
---------------+-------------------------------+-----
Dodging        | 3 4 6 |  6.7
Unarmed Combat | 4 5 6 7 9 10 11 | 11.4
Armour         | 2 3 4 6 |  6.7
Fighting       | 4 6 7 |  7.5
Throwing       | |  1.7

Action                   |  1- 3 |  4- 6 |  7- 9 | 10-12 || total
-------------------------+-------+-------+-------+-------++-------
Melee: Unarmed           |   104 |    82 |   306 |   124 ||   616
       Punch             |     1 |     3 |     9 |     3 ||    16
Throw: Throwing net      |     1 |       |     4 |       ||     5
       Dart              |       |     3 |       |       ||     3
Evoke: Wand              |       |       |     1 |     2 ||     3
  Use: Scroll            |     3 |     5 |     5 |     2 ||    15
 Stab: Held in net/web   |       |       |     2 |       ||     2
Armor: Leather armour    |    10 |       |       |       ||    10
       Ring mail         |    20 |     2 |       |       ||    22
       Plate armour      |       |    50 |   180 |    56 ||   286
Dodge: Dodged            |    56 |    22 |   125 |    39 ||   242

Table legend: (Time is in decaauts)
 A = Elapsed time spent in this place.
 B = Non-inter-level travel time spent in this place.
 C = Inter-level travel time spent in this place.
 D = Time resting spent in this place.
 E = Time spent auto-exploring this place.
 F = Levels seen in this place.
 G = Mean time per level.
                   A        B        C        D        E       F      G
               +--------+--------+--------+--------+--------+-----+--------+
         Total |   7807 |   7124 |    683 |   1748 |   3884 |  10 |  780.7 |
       Dungeon |   7792 |   7121 |    671 |   1748 |   3884 |   9 |  865.8 |
        Temple |     14 |      2 |     12 |      0 |      0 |   1 |   14.0 |
               +--------+--------+--------+--------+--------+-----+--------+

Top non-repeatable levels by time:
     D:8: 1317 daAuts
     D:6: 1143 daAuts
     D:3: 1111 daAuts
     D:4: 1036 daAuts
     D:1: 887 daAuts
     D:5: 884 daAuts
     D:2: 695 daAuts
     D:7: 511 daAuts
     D:9: 206 daAuts
  Temple: 14 daAuts
